Map: Traitor's Exile

Players

Deus

  • Race: Terran Terran
  • Spawn Location: 6:00

DirTyMoOnKeY

  • Race: Protoss Protoss
  • Spawn Location: 5:00

PureLegacy - Winner!

  • Race: Terran Terran
  • Spawn Location: 12:00

Proterg - Winner!

  • Race: Zerg Zerg
  • League: Diamond
  • Spawn Location: 9:00

VOD

Have the link to the VOD?

Description

Time

  • Played on: Dec. 4, 2018, 8:14 p.m.
  • Length: 7:00
Show
View Real Time Build Order
Export as new Build Order

Deus Terran 

Build Orders:  

Get SALT Encoding   

  12  0:01  SCV  
  13  0:13  SCV  
  14  0:19  Supply Depot  
  14  0:25  SCV  
  15  0:35  Refinery  
  15  0:40  SCV  
  16  0:47  Barracks  
  16  0:52  SCV  
  17  1:03  Refinery  
  17  1:04  SCV  
  18  1:16  SCV  
  19  1:28  SCV  
  20  1:39  Supply Depot  
  20  1:41  Factory  
  20  1:43  Barracks Reactor  
  20  1:50  Orbital Command  
  20  2:17  Supply Depot, SCV  
  20  2:20  Marine x2  
  23  2:31  Factory Tech Lab  
  21  2:38  Marine x2  
  21  2:44  SCV  
  23  2:56  Marine x2  
  23  3:03  Siege Tank  
  25  3:07  Bunker  
  23  3:13  Marine  
  23  3:14  Marine, SCV  
  21  3:27  SCV  
  15  3:31  Marine x2  
    3:57  Orbital Command  
    4:23  SCV  
  1  4:35  SCV  
  2  4:48  SCV  
  3  5:03  SCV  
Show
View Real Time Build Order
Export as new Build Order

DirTyMoOnKeY Protoss 

Build Orders:  

Get SALT Encoding   

  12  0:04  Probe  
  13  0:16  Probe  
  14  0:31  Pylon  
  14  0:36  Assimilator  
  14  0:40  Assimilator, Probe  
  15  0:52  Probe  
  15  0:55  Gateway  
  16  1:04  Probe  
  17  1:16  Probe  
  18  1:28  Probe  
  19  1:41  Probe  
  20  1:49  Cybernetics Core  
  20  1:53  Probe  
  20  1:54  Pylon  
  21  2:02  Pylon  
  21  2:05  Probe  
  22  2:17  Probe  
  22  2:18  Warp Gate  
  22  2:21  Stalker  
  23  2:27  Stargate  
  23  2:29  Probe  
  26  2:44  Gateway  
  26  2:49  Gateway  
  26  2:50  Sentry  
  26  2:55  Pylon  
  28  3:17  Pylon  
  28  3:18  Void Ray  
  30  3:41  Twilight Council  
  30  3:48  Gateway  
  29  4:08  Pylon  
  26  4:12  Pylon  
  24  4:20  Dark Shrine  
  24  4:26  Stalker  
  26  4:35  Shield Battery  
  26  4:38  Shield Battery  
  26  4:48  Adept x2  
  30  4:54  Oracle  
  30  5:05  Adept  
  7  5:40  Zealot x3  
Show
View Real Time Build Order
Export as new Build Order

PureLegacy Terran - Winner!

Build Orders:  

Get SALT Encoding   

  12  0:01  SCV  
  13  0:14  SCV  
  14  0:19  Supply Depot  
  14  0:26  SCV  
  15  0:34  Refinery  
  15  0:41  SCV  
  16  0:47  Barracks  
  16  0:53  SCV  
  17  1:07  Barracks  
  17  1:19  Barracks  
  17  1:22  SCV  
  18  1:35  Reaper  
  19  1:44  Orbital Command  
  19  1:47  Refinery  
  19  1:54  Reaper  
  19  1:59  Supply Depot  
  20  2:06  Reaper  
  21  2:12  Reaper  
  22  2:16  SCV  
  23  2:26  Supply Depot  
  23  2:28  Reaper  
  24  2:31  SCV  
  25  2:39  Reaper  
  26  2:44  Reaper, SCV  
  27  3:00  Reaper  
  28  3:11  Reaper, SCV  
  30  3:16  Command Center  
  30  3:17  Reaper  
  30  3:29  SCV  
  30  3:32  Reaper  
  32  3:43  Reaper, SCV  
  34  3:52  Barracks  
  34  3:54  Barracks  
  34  3:55  SCV  
  33  4:18  Barracks Reactor x2  
  33  4:20  SCV  
  33  4:23  Factory  
  32  4:29  Barracks Tech Lab  
  32  4:38  Orbital Command  
  32  4:40  SCV  
  32  4:41  Marine  
  32  4:42  Marine  
  35  4:52  Marine  
  35  4:54  Stimpack  
  35  4:59  Marine x2  
  37  5:02  SCV  
  37  5:05  Marine x4  
  43  5:08  Engineering Bay  
  43  5:17  Marine  
  43  5:18  Marine x2  
  46  5:23  Marine x3  
  46  5:25  Marine  
  46  5:27  Factory Reactor, Starport  
  49  5:29  SCV  
  50  5:40  Marine x2  
  50  5:41  Marine  
  50  5:42  Marine  
  54  6:00  Supply Depot  
  54  6:01  Supply Depot  
  54  6:16  Marine x6, SCV x2  
  62  6:22  Supply Depot, Marine  
  62  6:23  Supply Depot  
  62  6:33  Marine x6  
  62  6:39  Marine  
Show
View Real Time Build Order
Export as new Build Order

Proterg Zerg - Winner!

Build Orders: Hatch First 

Get SALT Encoding   

  12  0:02  Drone  
  13  0:09  Drone  
  14  0:18  Overlord  
  14  0:36  Drone  
  14  0:37  Drone x2  
  17  0:51  Drone  
  18  0:59  Hatchery  
  18  1:00  Drone  
  18  1:05  Extractor  
  17  1:11  Drone  
  18  1:20  Spawning Pool  
  17  1:31  Drone x2  
  19  1:41  Overlord  
  19  2:07  Queen  
  19  2:08  Zergling x4  
  23  2:09  Metabolic Boost  
  23  2:11  Queen  
  23  2:13  Zergling x2  
  26  2:34  Zergling x2  
  26  2:35  Zergling x6  
  30  2:46  Zergling x2  
  30  2:47  Zergling x4  
  31  3:06  Zergling x6  
  34  3:20  Zergling x2  
  34  3:21  Zergling x2  
  34  3:23  Overlord  
  33  3:47  Hatchery  
  32  3:51  Drone  
  32  3:52  Drone x5  
  38  4:01  Drone  
  38  4:02  Drone  
  40  4:04  Drone x3  
  43  4:10  Lair  
  43  4:21  Drone  
  43  4:22  Overlord  
  43  4:23  Overlord  
  44  4:41  Extractor  
  44  4:44  Evolution Chamber  
  42  4:46  Evolution Chamber  
  37  5:14  Spore Crawler  
  37  5:20  Hydralisk Den  
  33  5:32  Queen  
  33  5:33  Drone x3  
  33  5:34  Drone x10  
  44  5:55  Hydralisk x3  
  50  5:58  Zergling x12  
  50  5:59  Zergling x4  
  50  6:00  Drone  
  59  6:05  Extractor x2  
  57  6:14  Drone  
  58  6:24  Drone  
Tags
 
Add a new tag
Caveats
  • Supply blocks, unpowered buildings, or Contaminate may cause inaccurate times.
  • Supply counts are checked every 10 seconds.